 Dungeon Crawl Stone Soup version 0.17.2-1-ge4368a0 (webtiles) character file.

60 rlgrobin the Insei (level 3, -3/29 HPs)
             Began as a Mummy Monk on May 1, 2017.
             Slain by an adder (5 damage)
             ... on level 3 of the Dungeon.
             The game lasted 00:03:08 (2877 turns).

rlgrobin the Insei (Mummy Monk)                     Turns: 2877, Time: 00:03:08

Health: -3/29      AC:  0    Str: 14    XL:     3   Next: 80%
Magic:  3/3        EV: 13    Int:  9    God:
Gold:   50         SH:  0    Dex: 15    Spells: 0 memorised, 2 levels left

rFire  x . .     SeeInvis .       - Unarmed
rCold  + . .     Clarity  .     (no armour)
rNeg   + + +     SustAt   .     (no shield)
rPois  ∞         Gourm    .     (no helmet)
rElec  .         Spirit   .     (no cloak)
rCorr  .         Warding  .     (no gloves)
rMut   .         Stasis   .     (no boots)
MR     .....                    (no amulet)
Stlth  ++........               (no ring)
                                (no ring)

@: not resistant to hostile enchantments, unstealthy
A: no food or potions, fire vulnerability, cold resistance 1, negative energy
resistance 3, torment resistance, unbreathing
a: no special abilities


You were on level 3 of the Dungeon.
You were not hungry.

You visited 1 branch of the dungeon, and saw 3 of its levels.

You collected 50 gold pieces.


Innate Abilities, Weirdness & Mutations

You do not eat or drink.
Your flesh is vulnerable to fire.
You are immune to poison.
Your flesh is cold resistant.
You are immune to negative energy.
You are immune to unholy pain and torment.
You can survive without breathing.


   Skills:
 - Level 3.0 Fighting
 - Level 2.4 Dodging
 - Level 2.0 Stealth
 + Level 4.3 Unarmed Combat


You had 2 spell levels left.
You didn't know any spells.

Inventory:

Armour
 f - a +0 buckler
Scrolls
 a - 3 scrolls of identify {@r1}
 d - 2 scrolls of teleportation {@r4}

Dungeon Overview and Level Annotations

Branches:
Dungeon (3/15)

Altars:

.......▒ .......▒
.......▒▒▒▒▒▒▒
..▒+▒.......▒
▒.▒.▒.▒▒▒▒▒.▒▒▒▒▒▒▒ ..
▒.▒...▒...▒.......▒
....▒▒.▒▒..▒.▒.▒▒▒▒▒▒▒.▒
.............S....>....▒
...........▒▒▒M▒.▒▒.▒▒▒▒
.......▒▒......▒.▒▒.▒
....... ▒...........▒
.......▒▒.........▒▒▒▒▒▒▒
.........▒<..▒▒...▒.....▒
.........▒...▒▒.....▒▒▒.▒
.........▒.▒.....▒▒▒▒ ▒.▒
.........▒.▒.▒▒▒.▒▒▒▒▒▒.▒
.........▒.▒............▒


You could see an adder.


Message History

There are monsters nearby!!!
You swing at nothing!
You swing at nothing!
You closely miss the adder! The adder barely misses you!
You barely miss the adder! The adder bites you!
You take 4 damage, and have 25/29 hp!
You miss the adder! The adder bites you!
You take 5 damage, and have 20/29 hp!
You closely miss the adder! Your punch misses the adder! The adder bites you!
You take 5 damage, and have 15/29 hp!
You closely miss the adder! The adder barely misses you!
You beat the adder but do no damage!
The adder barely misses you! The hobgoblin barely misses you!
The adder bites you! * * * don't die
* * * You take 4 damage, and have 11/29 hp!
You barely miss the hobgoblin!
The hobgoblin hits you with a club!!! * * * don't die
* * * You take 7 damage, and have 4/29 hp!
MASSIVE DAMAGE!!!!!!
You barely miss the hobgoblin! The hobgoblin misses you!
You beat the hobgoblin into a bloody pulp!
The hobgoblin is almost dead!
The hobgoblin hits you with a club! * * * don't die
* * * You take 2 damage, and have 2/29 hp!
You pulverise the hobgoblin!
You annihilate the hobgoblin!!!
You squash the adder like an ant!!!
The adder is severely wounded!
The adder bites you! rip

Action                   || total
-------------------------++-------
Melee: Unarmed           ||   169
  Use: Scroll            ||     4
 Stab: Sleeping          ||     8

Vault maps used:
D:1:      erik_arrival_cave_to_civilisation
D:3:      uniq_natasha

Notes
Turn   | Place    | Note
--------------------------------------------------------------
     0 | D:1      | rlgrobin the Mummy Monk began the quest for the Orb.
     0 | D:1      | Reached XP level 1. HP: 18/18 MP: 1/1
   426 | D:1      | Reached XP level 2. HP: 20/24 MP: 2/2
   533 | D:1      | Reached skill level 2 in Stealth
   657 | D:1      | HP: 1/24 [hobgoblin (4)]
  1218 | D:1      | Reached XP level 3. HP: 25/29 MP: 3/3
  1354 | D:1      | Reached skill level 4 in Unarmed Combat
  2237 | D:2      | Noticed a water moccasin
  2252 | D:2      | stop it
  2252 | D:2      | I have done no wrong
  2875 | D:3      | HP: 2/29 [hobgoblin/club (3)]
  2877 | D:3      | Slain by an adder

Vanquished Creatures
  An adder (D:2)
  A worm (D:2)
  A ball python (D:1)
  10 bats
  2 giant cockroaches
  4 goblins
  6 hobgoblins
  4 jackals (D:1)
  5 kobolds
  A quokka (D:3)
  A giant gecko (D:1)
  2 giant newts
  8 rats
46 creatures vanquished.
